 Dungeon Crawl Stone Soup version 0.17-a0-2098-gf59d6bc (webtiles) character file.

32 septik the Magician (level 3, -2/24 HPs)
             Began as a Mummy Wizard on Oct 17, 2015.
             Slain by a gnoll
             ... wielding a cursed -1 spear
              (7 damage)
             ... on level 2 of the Dungeon.
             The game lasted 00:07:24 (1892 turns).

septik the Magician (Mummy Wizard)                  Turns: 1892, Time: 00:07:24

Health: -2/24      AC:  2    Str: 10    XL:     3   Next: 10%
Magic:  7/8        EV: 12    Int: 18    God:
Gold:   57         SH:  0    Dex: 10    Spells: 2 memorised, 6 levels left

rFire  x . .     SeeInvis .     e - +0 whip (elec)
rCold  + . .     Clarity  .     a - +0 robe
rNeg   + + +     SustAt   .     (no shield)
rPois  ∞         Gourm    .     b - +0 hat
rElec  .         Spirit   .     (no cloak)
rCorr  .         Warding  .     (no gloves)
rMut   .         Stasis   .     (no boots)
MR     .....                    (no amulet)
Stlth  ++........               (no ring)
                                (no ring)

@: not resistant to hostile enchantments, unstealthy
A: no food or potions, fire vulnerability, cold resistance 1, negative energy
resistance 3, torment resistance, unbreathing
a: no special abilities


You were on level 2 of the Dungeon.
You were not hungry.

You visited 1 branch of the dungeon, and saw 2 of its levels.

You collected 57 gold pieces.

Inventory:

Hand Weapons
 d - a +0 dagger
 e - a +0 whip of electrocution (weapon)
 h - a +2 flail of holy wrath
Armour
 a - a +0 robe (worn)
 b - a +0 hat (worn)
Scrolls
 f - a scroll of immolation {unknown}
 g - a scroll of remove curse {unknown}
Books
 c - a book of Minor Magic

   Spells                             Type                      Level
   a - Magic Dart                     Conjuration                  1
   b - Blink                          Translocation                2
   c - Call Imp                       Summoning                    2
   d - Repel Missiles                 Charms/Air                   2
   e - Slow                           Hexes                        2
   f - Conjure Flame                  Conjuration/Fire             3
   g - Mephitic Cloud                 Conjuration/Poison/Air       3


   Skills:
 - Level 1.5 Dodging
 - Level 1.5 Stealth
 * Level 3.8 Spellcasting
 - Level 0.7 Conjurations
 + Level 1.2 Summonings
   Level 0.7 Translocations


You had 6 spell levels left.
You knew the following spells:

 Your Spells              Type           Power        Failure   Level  Hunger
a - Magic Dart            Conj           #...         12%         1    N/A
b - Call Imp              Summ           #.......     14%         2    N/A

Dungeon Overview and Level Annotations

Branches:
Dungeon (2/15)

Altars:
Cheibriados
Dithmenos
Kikubaaqudgha
Nemelex Xobeh


Innate Abilities, Weirdness & Mutations

You do not eat or drink.
Your flesh is vulnerable to fire.
You are immune to poison.
Your flesh is cold resistant.
You are immune to negative energy.
You are immune to unholy pain and torment.
You can survive without breathing.


Message History

The gnoll hits you but does no damage.
There is an open door here.
There is an open gate here.
A gnoll comes into view. It is wielding a spear.
The gnoll shouts!
A gnoll comes into view. It is wielding a spear.
The gnoll shouts!
The gnoll closely misses you.
A gnoll comes into view. It is wielding a spear.
The gnoll barely misses you.
A gnoll comes into view. It is wielding a halberd.
The gnoll shouts!
The gnoll closely misses you. x2
The gnoll hits you with a spear! The gnoll hits you with a spear.
The gnoll shouts!
You hit the gnoll but do no damage. The gnoll hits you with a spear.
* * * LOW HITPOINT WARNING * * *
The gnoll closely misses you.
The gnoll hits you from afar with an enchanted spear!
You die...

.....#########'''#######
.....'########..g########
.....####§§§##...###§####
......##§§§§§#.⌠.##§§§###
......##§§§§§#..g#§§§§§##
......##§§§§§#...##§§§###
......###.§§##..g###§####
##'###########.g.########
#.# ⌠......._@......⌠#
#.###########..g########
#....####§###..g##§§§###
####.###§§§##.g.#.§§§§##
#.##§§§§§#...#§§§§§##
#.###§§§##.⌠.#§§§§§##
#.####§###...##§§§###
#.########...########
#.########'''#####


You could see 7 gnolls.

Vanquished Creatures
  A giant gecko (D:2)
  3 bats (D:1)
  3 giant cockroaches
  5 goblins
  A hobgoblin (D:2)
  3 kobolds (D:1)
  A quokka (D:2)
  5 giant newts (D:1)
  10 rats
32 creatures vanquished.

Notes
Turn   | Place    | Note
--------------------------------------------------------------
     0 | D:1      | septik the Mummy Wizard began the quest for the Orb.
     0 | D:1      | Reached XP level 1. HP: 13/13 MP: 4/4
   313 | D:1      | Reached XP level 2. HP: 19/19 MP: 1/6
   317 | D:1      | Learned a level 2 spell: Call Imp
   995 | D:2      | Reached skill level 1 in Summonings
  1211 | D:2      | Found a sparkling altar of Nemelex Xobeh.
  1300 | D:2      | Found a snail-covered altar of Cheibriados.
  1459 | D:2      | Found a shadowy altar of Dithmenos.
  1530 | D:2      | Reached XP level 3. HP: 24/24 MP: 1/8
  1646 | D:2      | Found an ancient bone altar of Kikubaaqudgha.
  1892 | D:2      | Slain by a gnoll

Vault maps used:
D:1:      minmay_arrival_nine_rooms
D:2:      nemelex_altar_shiori, nicolae_dithmenos_through_a_glass_darkly,
          overflow_temple_1_default, nicolae_overflow_crystal_walls

Action                   || total
-------------------------++-------
Melee: Whip              ||    54
       Dagger            ||     3
 Cast: Magic Dart        ||    68
